 Dungeon Crawl Stone Soup version 0.21.1-1-g345015f (webtiles) character file.

154 Fang the Chopper (level 5, -2/33 HPs)
             Began as a Gargoyle Berserker on Apr 25, 2018.
             Was a Believer of Trog.
             Slain by an orc
             ... wielding a +0 flail
              (4 damage)
             ... on level 3 of the Dungeon on Apr 26, 2018.
             The game lasted 00:07:36 (2802 turns).

Fang the Chopper (Gargoyle Berserker)               Turns: 2802, Time: 00:07:37

Health: -2/33      AC:  8    Str: 21    XL:     5   Next: 36%
Magic:  5/5        EV: 12    Int:  8    God:    Trog [**....]
Gold:   97         SH:  0    Dex:  9    Spells: 4/4 levels left

rFire    . . .     SeeInvis .   a - +1 hand axe
rCold    . . .     Gourm    .   (no shield)
rNeg     + . .     Faith    .   b - +2 animal skin
rPois    ∞         Spirit   .   (no helmet)
rElec    +         Reflect  .   (no cloak)
rCorr    .         Harm     .   (no gloves)
MR       .....                  (no boots)
Stlth    +.........             (no amulet)
HPRegen  0.11/turn              (no ring)
MPRegen  0.09/turn              (no ring)

@: berserk cooldown, starving, slowed, very slow
A: negative energy resistance 1, electricity resistance, unbreathing,
petrification resistance, rot immunity, AC +4
a: Berserk, Trog's Hand, Burn Spellbooks, Renounce Religion


You were on level 3 of the Dungeon.
You worshipped Trog.
Trog was pleased with you.
You were starving.

You visited 1 branch of the dungeon, and saw 3 of its levels.

You collected 97 gold pieces.

Inventory:

Hand Weapons
 a - a +1 hand axe (weapon)
Missiles
 l - 4 steel javelins
 m - 7 poisoned javelins (quivered)
Armour
 b - a +2 animal skin (worn)
Scrolls
 e - a scroll of blinking
 f - a scroll of teleportation {unknown}
 p - a scroll of immolation
Potions
 d - a potion of flight
 o - a potion of brilliance {unknown}
 r - 2 potions of magic {unknown}
Comestibles
 c - a ration


   Skills:
 + Level 4.0 Fighting
 + Level 4.2 Axes
 + Level 2.5 Armour
 + Level 2.5 Dodging
 + Level 0.2 Stealth


You had 4 spell levels left.
You didn't know any spells.

Dungeon Overview and Level Annotations

Branches:
Dungeon (3/15)

Altars:

Annotations:
D:3 Robin


Innate Abilities, Weirdness & Mutations

You are resistant to torment.
Your stone body is resilient. (AC +4)
You are immune to poison.
You resist negative energy. (rN+)
You are resistant to electric shocks. (rElec)
You can survive without breathing.
You are immune to petrification.
You are immune to rotting.


Message History

The goblin no longer looks unusually strong.
The orc priest miscasts a cantrip.
The hobgoblin barely misses you. The orc hits you with a flail.
* * * LOW HITPOINT WARNING * * *
Robin hits you but does no damage.
You hit Robin.
Robin is lightly wounded.
You hit the hobgoblin. You barely miss the orc. The hobgoblin hits you.
* * * LOW HITPOINT WARNING * * *
Robin's horned helmet rattles.
Robin roars a battlecry!
The goblins go into a battle-frenzy!
The orc closely misses you. The hobgoblin barely misses you.
Robin hits you but does no damage. The orc hits you but does no damage.
You barely miss Robin.
Robin is lightly wounded.
You hit the hobgoblin but do no damage. You closely miss the orc.
The hobgoblin barely misses you. Robin hits you but does no damage.
The orc hits you with a flail.
You die...

... #.###
#... #..#
#.. #.#
...#####†#
...ggog@)#
....gggo)#
########)#
#.# ##.#
#..# #.##
## #.# ..
#.#


You could see Robin, an orc priest, an orc, 3 hobgoblins and 2 goblins.

Vanquished Creatures
  Terence (D:2)
  A gnoll (D:1)
  4 adders
  An ooze (D:1)
  3 dart slugs
  3 leopard geckos
  3 orcs (D:3)
  3 giant cockroaches
  8 goblins
  6 hobgoblins
  4 jackals (D:2)
  8 kobolds
  4 quokkas (D:2)
  A ball python (D:2)
  9 bats
  2 frilled lizards (D:2)
  5 rats
66 creatures vanquished.

Notes
Turn   | Place    | Note
-------+----------+-------------------------------------------
     0 | D:1      | Fang the Gargoyle Berserker began the quest for the Orb.
     0 | D:1      | Reached XP level 1. HP: 14/14 MP: 1/1
    91 | D:1      | Reached XP level 2. HP: 6/19 MP: 2/2
   777 | D:1      | Reached XP level 3. HP: 5/23 MP: 3/3
  1449 | D:2      | Reached ** piety under Trog
  1807 | D:2      | Reached XP level 4. HP: 20/29 MP: 4/4
  2139 | D:2      | Noticed Terence
  2152 | D:2      | Killed Terence
  2697 | D:3      | Reached XP level 5. HP: 24/33 MP: 5/5
  2779 | D:3      | Noticed Robin
  2802 | D:3      | Slain by an orc

Skill      XL: |  1  2  3  4  5 |
---------------+----------------+-----
Axes           | 3 4 |  4.2
Dodging        | 2 |  2.5
Fighting       | 4 |  4.0
Armour         | |  2.5
Stealth        | |  0.2

Action                   |  1- 3 |  4- 6 || total
-------------------------+-------+-------++-------
Melee: Hand axe          |   127 |   119 ||   246
Invok: Berserk           |     2 |     1 ||     3
  Use: Scroll            |       |    11 ||    11
  Eat: Chunk             |     5 |     2 ||     7
Armor: Animal skin       |    59 |    59 ||   118
Dodge: Dodged            |   116 |   127 ||   243
